 Dungeon Crawl Stone Soup version 0.30.0-10-gfe55d96785 (webtiles) character file.

Game seed: 2076004026219485499

879 monsoonserge the Covered (level 8, -10/67 HPs)
             Began as a Meteoran Fighter on May 15, 2023.
             Was an Initiate of Lugonu.
             Mangled by a yak (12 damage)
             ... on level 5 of the Dungeon.
             The game lasted 00:22:20 (2397 turns).

monsoonserge the Covered (Meteoran Fighter)         Turns: 2397, Time: 00:22:21

Health: -10/67     AC:  9    Str: 20    XL:     8   Next: 50%
Magic:  9/9        EV:  8    Int:  9    God:    Lugonu [......]
Gold:   143        SH: 14    Dex: 14    Spells: 7/7 levels left

rFire   . . .        A - +1 whip (distort)
rCold   . . .        t - +0 tower shield
rNeg    . . .        b - +0 scale mail
rPois   .            (no helmet)
rElec   .            (no cloak)
rCorr   .            (no gloves)
SInv    .            h - +0 pair of boots
Will    +....        (no amulet) Stlth
                     (no ring)
HPRegen 0.31/turn    (no ring)
MPRegen 0.11/turn

%: no passive effects
@: mighty, glowing
A: sense surroundings 1, otherworldly, glowing, explore regen
a: Renounce Religion


You were on level 5 of the Dungeon.
You worshipped Lugonu.
Lugonu was noncommittal.
You visited 1 branch of the dungeon, and saw 6 of its levels.
You visited the Abyss 1 time.

You collected 294 gold pieces.
You spent 151 gold pieces at shops.

Inventory:

Hand Weapons
 i - a +3 spear
 A - a +1 whip of distortion (weapon)
Missiles
 f - 11 poisoned darts (quivered)
 v - 2 atropa-tipped darts
Armour
 b - a +0 scale mail (worn)
 h - a +0 pair of boots (worn)
 t - a +0 tower shield (worn)
Scrolls
 a - a scroll of magic mapping {unknown}
 g - a scroll of fear {unknown}
 k - 2 scrolls of teleportation
 m - 2 scrolls of identify {unknown}
 n - 2 scrolls of fog {unknown}
 p - a scroll of vulnerability {unknown}
 q - a scroll of enchant weapon {unknown}
 y - a scroll of immolation {unknown}
Potions
 c - a potion of mutation {unknown}
 e - 4 potions of curing
 j - a potion of brilliance {unknown}
 l - 2 potions of haste {unknown}
 s - 2 potions of lignification {unknown}
 u - a potion of ambrosia {unknown}
 x - a potion of attraction {unknown}
 z - a potion of flight {unknown}


   Skills:
 + Level 4.8 Fighting
 + Level 5.2 Maces & Flails
 - Level 1.1 Polearms
 + Level 1.2 Throwing
 + Level 7.2 Armour
 + Level 2.5 Dodging
 + Level 0.6 Stealth
 + Level 5.9 Shields
 + Level 0.6 Unarmed Combat


You had 7 spell levels left.
You didn't know any spells.
Your spell library contained the following spells:

 Spells                   Type           Power      Damage    Failure   Level
 Summon Lightning Spire   Summ/Air       0%         N/A       100%        4
 Storm Form               Tmut/Air       0%         N/A       100%        7
 Maxwell's Capacitive Co  Air            0%         ∞         100%        8


Dungeon Overview and Level Annotations

Branches:
Dungeon (6/15) Zot: 1336   Temple (0/1) D:5

Altars:
Elyvilon
Makhleb
Ru
Zin
The Shining One
Lugonu

Shops:
D:3 :*![

Portals:
Abyss: D:4

Annotations:
D:2 Sigmund
D:4 1 transporter, TheFallenCrow's ghost, amateur DsGl


Innate Abilities, Weirdness & Mutations

You passively map a small area around you.
You are easily found by Zot.
You glow in the dark.
You regain HP and MP as you explore.


Message History

The adder bites you but does no damage.
Unknown command.
You barely miss the yak.
The yak is heavily wounded.
The adder closely misses you. The yak gores you!
* * * LOW HITPOINT WARNING * * *
Unknown command.
You barely miss the yak.
The yak is heavily wounded.
You block the adder's attack. The yak gores you but does no damage.
You hit the yak but do no damage.
Space warps horribly around the yak.
The yak is heavily wounded.
The adder barely misses you. You block the adder's attack. The yak gores you!
* * * LOW HITPOINT WARNING * * *
Unknown command.
You hit the yak.
Space warps horribly around the yak!!
You kill the yak!
Lugonu accepts your kill. You block the adder's attack.
The adder bites you but does no damage.
Your Maces & Flails skill increases to level 5!
Your Armour skill increases to level 7!
Okay, then.
You feel very mighty all of a sudden. The adder bites you but does no damage.
You whack the adder!
You kill the adder!
Lugonu accepts your kill.
You hear a bellow!
You hit the yak.
Space warps around the yak!
The yak is moderately wounded.
The yak gores you.
* * * LOW HITPOINT WARNING * * *
Okay, then.
You barely miss the yak.
The yak is moderately wounded.
You block the yak's attack.
You hit the yak.
Space warps around the yak.
The yak is heavily wounded.
The yak gores you!
You die...

##
##.#~#.....#~#..#
#..#~~~~~~~~~#..#
#..###.....###..#
##...............#
###
#..#.#..########.#
..# #.......#
####.# #.# *
#.#####.# #....†
#.# #†#, , #
#.##.# ... , #@# ,
# #... #.# * #Y#
,, * #...>. # * **
#Y....# ,,.......
* ,, * ####..#
####### .. ** *
.#* * ##* .. * *..
*,~ **#.#* * *.#
*, ~ * #.# .# #.#
#.#


You could see 2 yaks.

Vanquished Creatures
  A yak (D:5)
  A water moccasin (D:5)
  2 black bears (D:5)
  A phantom (D:5)
  A small abomination (Abyss:2)
  A quasit (Abyss:2)
  Natasha (twice) (D:2)
  A sleepcap (D:5)
  An iguana (D:5)
  2 adders (D:5)
  4 gnolls (D:5)
  A white imp (D:5)
  2 worms (D:2)
  An orc (D:5)
  5 bats
  5 endoplasms
  3 giant cockroaches (D:2)
  2 goblins
  6 hobgoblins
  2 jackals (D:3)
  12 kobolds
  4 quokkas
  8 ball pythons
  5 frilled lizards
  3 rats
76 creatures vanquished.

Notes
Turn   | Place    | Note
-------+----------+-------------------------------------------
     0 | D:1      | monsoonserge the Meteoran Fighter began the quest for the
                  | Orb.
     0 | D:1      | Reached XP level 1. HP: 19/19 MP: 2/2
    18 | D:2      | Noticed Sigmund
   141 | D:1      | Reached XP level 2. HP: 23/26 MP: 3/3
   281 | D:1      | Reached skill level 4 in Armour
   380 | D:1      | Reached XP level 3. HP: 30/31 MP: 4/4
   725 | D:2      | Noticed Natasha
   737 | D:2      | Killed Natasha
   738 | D:2      | Reached XP level 4. HP: 37/40 MP: 5/5
   786 | D:2      | Noticed Natasha
   801 | D:2      | Killed Natasha
   802 | D:2      | Reached XP level 5. HP: 24/46 MP: 6/6
   934 | D:3      | Found a sacrificial altar of Ru.
  1047 | D:3      | Found Jiysil's Armour Emporium.
  1054 | D:3      | Bought a +0 tower shield for 63 gold pieces
  1136 | D:3      | Reached skill level 1 in Polearms
  1151 | D:3      | Found Ocreab's Distillery.
  1156 | D:3      | Bought a potion of curing for 33 gold pieces
  1156 | D:3      | Bought a potion of heal wounds for 55 gold pieces
  1159 | D:3      | Found Feytasae's Assorted Antiques.
  1208 | D:3      | Found Patoxkio's Book Emporium.
  1388 | D:4      | Found a large runed translucent door.
  1388 | D:4      | Found a large runed translucent door.
  1454 | D:4      | Found a burning altar of Makhleb.
  1516 | D:5      | Entered Level 5 of the Dungeon
  1527 | D:4      | Found a transporter.
  1528 | D:4      | Noticed TheFallenCrow's ghost (amateur DsGl)
  1528 | D:4      | Identified the +2 dire flail "Zus Eno" {drain, Str+9 Dex+2}
  1528 | D:4      | Noticed an ogre
  1591 | D:4      | Found a one-way gate to the infinite horrors of the Abyss.
  1622 | D:4      | Found a corrupted altar of Lugonu.
  1659 | D:4      | Became a worshipper of Lugonu the Unformed
  1666 | D:4      | Voluntarily entered the Abyss.
  1721 | Abyss:2  | Noticed a raiju
  1721 | Abyss:2  | Noticed a raiju
  1819 | Abyss:2  | Found a corrupted altar of Lugonu.
  1840 | Abyss:2  | Reached XP level 6. HP: 14/53 MP: 7/7
  1847 | Abyss:2  | Reached skill level 5 in Armour
  1848 | Abyss:2  | Found a corrupted altar of Lugonu.
  1851 | Abyss:2  | Noticed a large abomination
  1854 | D:4      | Escaped the Abyss
  1973 | D:5      | Noticed a black bear
  1984 | D:5      | Killed a black bear
  1985 | D:5      | Reached skill level 1 in Dodging
  1985 | D:5      | Reached XP level 7. HP: 41/60 MP: 8/8
  2048 | D:5      | Reached skill level 6 in Armour
  2048 | D:5      | Reached skill level 5 in Shields
  2049 | D:5      | Found a white marble altar of Elyvilon.
  2049 | D:5      | Found a glowing silver altar of Zin.
  2049 | D:5      | Found a glowing golden altar of the Shining One.
  2205 | D:5      | Found a staircase to the Ecumenical Temple.
  2216 | D:5      | Reached skill level 1 in Throwing
  2227 | D:5      | Reached XP level 8. HP: 54/67 MP: 9/9
  2377 | D:5      | Noticed a yak
  2377 | D:5      | Noticed a yak
  2377 | D:5      | Noticed a yak
  2387 | D:5      | Noticed a yak
  2392 | D:5      | Killed a yak
  2393 | D:5      | Reached skill level 5 in Maces & Flails
  2393 | D:5      | Reached skill level 7 in Armour
  2395 | D:5      | HP: 1/67 [yak (6)]
  2397 | D:5      | Mangled by a yak

Illustrated notes

Levels and vault maps discovered:
D:1:      saegor_arrival_simple_d, layout_basic
D:2:      cheibrodos_helix_gallery, layout_basic, uniq_natasha, uniq_sigmund
D:3:      layout_rooms, nicolae_overflow_crystal_walls, serial_shops,
          nicolae_shop_stone, nicolae_shop_tiny_statue_garden,
          nicolae_shop_peninsula, nicolae_square_shop
D:4:      due_chaos_kobolds, layout_cave_pods, bloody_makhleb,
          gammafunk_ghost_smash, kennysheep_generic_room_13
D:5:      layout_loops_corners, good_gods_mini_temple,
          nicolae_wu_jian_glorious_leap, minmay_temple_entry_water_ring
D:6:      layout_loops_ring, lemuel_crystal_altar, item_on_display_a,
          uniq_blork_the_orc, uniq_grinder

Skill      XL: |  1  2  3  4  5  6  7  8 |
---------------+-------------------------+-----
Armour         | 4 5 6 7 |  7.2
Maces & Flails | 3 4 5 |  5.2
Fighting       | 4 |  4.8
Shields        | 4 5 |  5.9
Polearms       | 1 |  1.1
Dodging        | 1 2 |  2.5
Throwing       | 1 |  1.2
Stealth        | |  0.6
Unarmed Combat | |  0.6

Action                     |  1- 3 |  4- 6 |  7- 9 || total
---------------------------+-------+-------+-------++-------
  Melee: Flail             |    10 |       |       ||    10
         Spear             |    49 |    92 |       ||   141
         Unarmed           |     8 |       |       ||     8
         Whip              |       |    30 |    62 ||    92
  Throw: Dart              |     1 |     4 |       ||     5
    Use: Scroll            |       |     2 |       ||     2
         Potion            |       |     1 |     1 ||     2
 Armour: Scale mail        |    20 |    55 |    22 ||    97
         Skin              |     2 |       |       ||     2
  Dodge: Dodged            |    15 |    22 |     8 ||    45
  Block: Buckler           |     8 |       |       ||     8
         Kite shield       |    23 |    27 |       ||    50
         Tower shield      |       |    57 |    40 ||    97
